 Dungeon Crawl Stone Soup version 0.32-a0-22-g6ae6769602 (webtiles) character file.

Game seed: 7311105200695598991

3465 Essalna the Geomancer (level 10, -4/59 HPs)
             Began as a Gargoyle Earth Elementalist on Jan 18, 2024.
             Was a Follower of Vehumet.
             Slain by an ogre
             ... wielding a +0 glaive
              (21 damage)
             ... in a bailey.
             The game lasted 00:09:56 (4744 turns).

Essalna the Geomancer (Gargoyle Earth Elementalist) Turns: 4744, Time: 00:09:57

Health: -4/59      AC: 19    Str: 12    XL:     10   Next: 6%
Magic:  19/26      EV: 12    Int: 20    God:    Vehumet [*.....]
Gold:   100        SH:  0    Dex: 10    Spells: 15/19 levels left

rFire   + . .        n - staff of earth
rCold   . . .        (no shield)
rNeg    + . .        x - +2 leather armour {rF+}
rPois   ∞            y - +2 helmet
rElec   +            w - +1 cloak
rCorr   .            K - +0 pair of gloves
SInv    .            (no boots)
Will    +....        H - amulet of the acrobat
Stlth   ++           r - ring of magical power
HPRegen 0.29/turn    p - ring of willpower
MPRegen 0.20/turn

%: acrobat
@: mighty, brilliant
A: sickness immunity, AC +7, negative energy resistance 1, electricity
resistance, torment resistance 1, petrification resistance
a: Renounce Religion


You were in a bailey.
You worshipped Vehumet.
Vehumet was aware of your devotion.
You visited 2 branches of the dungeon, and saw 9 of its levels.
You also visited: Bailey.

You collected 287 gold pieces.
You spent 187 gold pieces at shops.

Inventory:

Hand Weapons
 f - a +0 spear of flaming
 j - a +0 dagger of venom
 F - a +3 dagger of electrocution
Armour
 a - a +0 robe
 w - a +1 cloak (worn)
 x - a +2 leather armour of fire resistance (worn)
 y - a +2 helmet (worn)
 K - a +0 pair of gloves (worn)
Magical Staves
 n - a staff of earth (weapon)
Jewellery
 c - a +6 ring of dexterity
 p - a ring of willpower (right hand)
 r - a ring of magical power (left hand)
 B - a ring of protection from fire
 H - an amulet of the acrobat (around neck)
Wands
 z - a wand of mindburst (13)
 E - a wand of flame (11)
 I - a wand of paralysis (6)
Scrolls
 b - 2 scrolls of enchant armour
 i - 5 scrolls of identify
 C - a scroll of revelation
Potions
 h - a potion of lignification
 k - 2 potions of might
 l - a potion of brilliance
 m - a potion of haste {unknown}
 q - a potion of resistance {unknown}
 s - a potion of curing {unknown}
 t - a potion of cancellation {unknown}
 A - a potion of enlightenment {unknown}


   Skills:
 + Level 5.2 Fighting
 + Level 5.2 Armour
 + Level 4.3 Dodging
 - Level 2.1 Stealth
 - Level 5.0 Spellcasting
 + Level 7.6 Conjurations
 + Level 9.1 Earth Magic


You had 15 spell levels left.
You knew the following spells:

 Your Spells              Type           Power      Damage    Failure   Level
a - Sandblast             Erth           100%       2d20      1%          1
b - Stone Arrow           Conj/Erth      100%       3d13      1%          3

Your spell library contained the following spells:

 Spells                   Type           Power      Damage    Failure   Level
 Kiss of Death            Conj/Necr      100%       2d13      3%          1
 Passwall                 Erth           76%        N/A       1%          3
 Foxfire                  Conj/Fire      100%       2x1d9     3%          1
 Brom's Barrelling Bould  Conj/Erth      72%        2d9       4%          4
 Petrify                  Alch/Erth      51%        N/A       22%         4
 Starburst                Conj/Fire      15%        6d6       99%         6
 Plasma Beam              Fire/Air       3%         2x1d13    100%        6


Dungeon Overview and Level Annotations

Branches:
Dungeon (8/15)             Temple (1/1) D:5          Bailey (1/1)
   Lair: D:8-11

Altars:
Ashenzari
Cheibriados
Elyvilon
Gozag
Makhleb
Okawaru
Ru
Sif Muna
Trog
Uskayaw
Vehumet
Wu Jian
Xom
The Shining One

Shops:
D:4 [


Innate Abilities, Weirdness & Mutations

You are immune to sickness and miasma.
Your stone body is resilient. (AC +7)
You are immune to poison.
You resist negative energy. (rN+)
You are resistant to electric shocks. (rElec)
You are resistant to unholy torment.
You are immune to petrification.


Message History

Press: ? - help, Shift-Dir - straight line, f/p - ogre
Aim: an ogre, wielding a +0 halberd (heavily wounded, 93% to hit)
You feel a surge of power!
The blast of sand hits the ogre.
The ogre is severely wounded.
The ogre shouts!
The spriggan cowers, then darts away.
The ogre barely misses you.
The ogre pleads, "Please don't kill me!"
Casting: Sandblast (safe; 1% risk of failure)
Confirm with . or Enter, or press ? or * to list all spells.
Aiming: Sandblast (safe; 1% risk of failure)
Press: ? - help, Shift-Dir - straight line, f/p - ogre
Aim: an ogre, wielding a +0 halberd (severely wounded, 93% to hit)
You feel a surge of power!
The blast of sand hits the ogre!!
You kill the ogre!
Vehumet accepts your kill.
You hear a splash.
The ogre starts to cry.
It was a potion of might.
You feel very mighty all of a sudden.
The ogre mutters, "Of all the rotten luck!"
It was a potion of brilliance.
You feel clever all of a sudden.
Casting: Sandblast (safe; 1% risk of failure)
Confirm with . or Enter, or press ? or * to list all spells.
Aiming: Sandblast (safe; 1% risk of failure)
Press: ? - help, Shift-Dir - straight line, f - ogre
Aim: an ogre, wielding a +0 glaive (93% to hit)
You feel a strong surge of power!
The blast of sand hits the ogre!
The ogre is severely wounded.
The ogre barely misses you.
Casting: Sandblast (safe; 1% risk of failure)
Confirm with . or Enter, or press ? or * to list all spells.
Aiming: Sandblast (safe; 1% risk of failure)
Press: ? - help, Shift-Dir - straight line, f/p - ogre
Aim: an ogre, wielding a +0 glaive (severely wounded, 93% to hit)
You feel a strong surge of power!
The blast of sand hits the ogre!
The ogre is almost dead.
The ogre hits you from afar with a +0 glaive!!
You die...

##.## #..
##...## #i.#
#.....# #..#
##.....###..#
#...∩..~~~..♣
#......~~~..#
#......O~~..♣
#......~~~..#
#...∩@.)~)..#
##.....###).♣
#.....# #..#
##...## #..#
##.## #..#
### .. .


You could see an ogre and a spriggan.

Vanquished Creatures
  Pikel (D:5)
  Maggie (D:6)
  Prince Ribbit (D:6)
  Grinder (D:3)
  A wraith (D:5)
  A steam dragon (D:6)
  3 water moccasins
  A black bear (D:5)
  An ice beast (D:6)
  2 centaurs (D:6)
  4 ogres
  A kobold brigand (D:7)
  2 scorpions
  4 hounds
  4 bombardier beetles
  A jelly (D:5)
  5 orc priests
  Terence (D:3)
  2 iguanas (D:4)
  A sleepcap (D:6)
  5 orc wizards
  7 gnolls
  5 adders
  4 ufetubi
  A ribbon worm (D:4)
  2 dart slugs
  22 orcs
  3 bats (D:1)
  6 endoplasms
  3 giant cockroaches
  10 goblins
  8 hobgoblins
  10 jackals
  10 kobolds
  2 quokkas
  6 ball pythons
  A frilled lizard (D:3)
  3 rats
146 creatures vanquished.

Notes
Turn   | Place    | Note
-------+----------+-------------------------------------------
     0 | D:1      | Essalna the Gargoyle Earth Elementalist began the quest for
                  | the Orb.
     0 | D:1      | Reached XP level 1. HP: 10/10 MP: 3/3
   263 | D:1      | Reached XP level 2. HP: 15/15 MP: 3/5
   504 | D:1      | Reached skill level 4 in Earth Magic
   662 | D:1      | Reached XP level 3. HP: 19/19 MP: 4/6
  1063 | D:2      | Learned a level 3 spell: Stone Arrow
  1520 | D:3      | Reached XP level 4. HP: 24/24 MP: 6/8
  1626 | D:3      | Reached XP level 5. HP: 28/28 MP: 4/9
  1630 | D:3      | Reached skill level 5 in Earth Magic
  1998 | D:3      | Reached XP level 6. HP: 32/32 MP: 9/11
  2029 | D:3      | Noticed Grinder
  2062 | D:3      | Killed Grinder
  2063 | D:3      | Reached skill level 6 in Earth Magic
  2063 | D:3      | Reached XP level 7. HP: 36/36 MP: 6/13
  2266 | D:3      | Noticed Terence
  2279 | D:3      | Killed Terence
  2642 | D:4      | Reached skill level 5 in Conjurations
  2693 | D:4      | Found a snail-covered altar of Cheibriados.
  3189 | D:4      | Found Roraog's Antique Armour Shoppe.
  3195 | D:4      | Bought a glowing helmet for 187 gold pieces
  3248 | D:5      | Entered Level 5 of the Dungeon
  3384 | D:5      | Reached XP level 8. HP: 42/42 MP: 15/15
  3411 | D:5      | Reached skill level 1 in Fighting
  3411 | D:5      | Reached skill level 1 in Armour
  3411 | D:5      | Reached skill level 5 in Spellcasting
  3411 | D:5      | Reached skill level 7 in Earth Magic
  3521 | D:5      | Noticed Pikel
  3526 | D:5      | Killed Pikel
  3662 | D:5      | Noticed a wraith
  3665 | D:5      | Killed a wraith
  3666 | D:5      | Reached XP level 9. HP: 47/51 MP: 16/16
  3752 | D:5      | Found a staircase to the Ecumenical Temple.
  3780 | D:5      | Reached skill level 8 in Earth Magic
  3796 | Temple   | Entered the Ecumenical Temple
  3803 | Temple   | Became a worshipper of Vehumet
  4130 | D:6      | Noticed Maggie
  4138 | D:6      | Killed Maggie
  4256 | D:6      | Noticed Prince Ribbit
  4264 | D:6      | Killed Prince Ribbit
  4343 | D:6      | Found a shimmering blue altar of Sif Muna.
  4608 | D:8      | Reached * piety under Vehumet
  4608 | D:8      | Offered knowledge of Kiss of Death by Vehumet.
  4621 | D:7      | Reached skill level 5 in Fighting
  4654 | D:7      | Reached skill level 5 in Armour
  4656 | D:7      | Found a flagged portal.
  4664 | Bailey   | Entered a bailey
  4727 | Bailey   | Reached skill level 9 in Earth Magic
  4727 | Bailey   | Reached XP level 10. HP: 59/59 MP: 17/17
  4744 | Bailey   | Slain by an ogre

Illustrated notes

Levels and vault maps discovered:
D:1:      dpeg_arrival_castle, layout_loops_ring
D:2:      layout_rooms
D:3:      layout_basic, uniq_grinder, uniq_terence
D:4:      layout_cave_pools, mainiacjoe_overflow_six_doors_small, serial_shops,
          nicolae_shop_pleasant_corner_grove
D:5:      layout_loops_ring, minmay_temple_entry_purple_smoke, uniq_pikel
D:6:      layout_rooms, nicolae_sif_muna_little_library, uniq_maggie,
          uniq_prince_ribbit1
D:7:      layout_loops_corners, nemelex_diamond_rough_becter, enter_bailey_3
D:8:      layout_loops_cross, tgw_kikubaaqudgha, dpeg_lair_monsters
Temple:   nicolae_temple_x_marks_the_god
Bailey:   bailey_polearm_enchanted_keep_hellmonk, bailey

Skill      XL: |  1  2  3  4  5  6  7  8  9 |
---------------+----------------------------+-----
Earth Magic    | 4 5 6 7 9 |  9.1
Conjurations   | 2 3 4 5 6 7 |  7.6
Spellcasting   | 3 4 5 |  5.0
Fighting       | 3 5 |  5.2
Armour         | 3 5 |  5.2
Dodging        | 3 4 |  4.3
Stealth        | |  2.1

Action                     |  1- 3 |  4- 6 |  7- 9 | 10-12 || total
---------------------------+-------+-------+-------+-------++-------
  Melee: Unarmed           |    25 |       |       |       ||    25
         Dagger            |     1 |       |       |       ||     1
         Staff             |       |       |     1 |       ||     1
   Cast: Sandblast         |    45 |    38 |   148 |     9 ||   240
         Stone Arrow       |       |       |     5 |       ||     5
    Use: Potion            |       |     1 |       |     2 ||     3
         Scroll            |       |       |     9 |     3 ||    12
 Armour: Robe              |    21 |     7 |    12 |       ||    40
         Leather armour    |       |       |    42 |     8 ||    50
  Dodge: Dodged            |    26 |    10 |    58 |     9 ||   103

Table legend: (Time is in decaauts)
 A = Elapsed time spent in this place.
 B = Non-inter-level travel time spent in this place.
 C = Inter-level travel time spent in this place.
 D = Time resting spent in this place.
 E = Time spent auto-exploring this place.
 F = Levels seen in this place.
 G = Mean time per level.
                   A        B        C        D        E       F      G
               +--------+--------+--------+--------+--------+-----+--------+
         Total |   4872 |   4642 |    230 |    173 |   3618 |  10 |  487.2 |
       Dungeon |   4773 |   4546 |    227 |    173 |   3565 |   8 |  596.6 |
        Temple |     11 |      8 |      3 |      0 |      0 |   1 |   11.0 |
        Bailey |     87 |     87 |      0 |      0 |     53 |   1 |   87.0 |
               +--------+--------+--------+--------+--------+-----+--------+

Top non-repeatable levels by time:
     D:1: 1077 daAuts
     D:3: 991 daAuts
     D:5: 813 daAuts
     D:4: 764 daAuts
     D:6: 554 daAuts
     D:2: 479 daAuts
  Bailey: 87 daAuts
     D:7: 76 daAuts
     D:8: 16 daAuts
  Temple: 11 daAuts
